AoeStats
← Fede_Furia

Black Forest

505152156Analyzed
1v1 RM · 25d ago on Sep 8, 2026· 38m 38s· 2 players
Game mode
Random Map
Map size
Tiny (2 player)
Population
200
Speed
Normal
Resources
Standard
Victory
Conquest
Starting age
Dark Age
Ending age
Imperial Age
RankedLock teamsTeams togetherTeam positionsShared explorationLock speedFull tech treeHidden civsTurbo modeCheats
Victory
Defeat
🇦🇷 Italians · Argentina
566
+15
🇲🇽 Koreans · Mexico
549
-15
emmasancp
0:26 Loom
5:59 Loom
17:14 Feudal Age
20:37 Wheelbarrow
19:55 Stone Mining
19:55 Gold Mining
22:31 Castle Age
21:41 Double-Bit Axe
23:09 Gold Mining
31:55 Scale Barding Armor
34:16 Ballistics
34:16 Bow Saw
35:02 Murder Holes
35:28 Thumb Ring
36:23 Chain Barding Armor
36:05 Scale Mail Armor
36:16 Forging
Fede_Furia
11:04 Feudal Age
11:39 Loom
18:13 Castle Age
16:47 Horse Collar
16:53 Double-Bit Axe
18:11 Padded Archer Armor
18:03 Fletching
18:25 Gold Mining
18:26 Stone Mining
18:52 Stone Mining
25:16 Heavy Plow
25:46 Bow Saw
26:40 Wheelbarrow
28:04 Fletching
28:23 Padded Archer Armor
30:43 Ballistics
30:05 Treadmill Crane
30:53 Hand Cart
30:25 Town Watch
31:57 Bodkin Arrow
32:18 Leather Archer Armor
37:57 Imperial Age
35:47 Town Patrol
36:10 Murder Holes
39:39 Chemistry
38:52 Masonry
39:06 Bracer
39:36 Ring Archer Armor
Connection lost

Rejoining the realm…

Still unreachable

The connection could not be restored.

Session expired

The server has moved on; the page needs a fresh start.